 Dungeon Crawl Stone Soup version 0.30.0-10-gfe55d96785 (webtiles) character file.

Game seed: 12760411643311408679

1204 Groucho the Skirmisher (level 8, -5/42 HPs)
             Began as a Spriggan Hunter on May 15, 2023.
             Killed by an exploding hornet (28 damage)
             ... ignited by their inner flame
             ... on level 7 of the Dungeon.
             The game lasted 00:14:00 (6612 turns).

Groucho the Skirmisher (Spriggan Hunter)            Turns: 6612, Time: 00:14:02

Health: -5/42      AC:  5    Str:  7    XL:     8   Next: 21%
Magic:  9/9        EV: 22    Int: 10    God:
Gold:   213        SH:  0    Dex: 21    Spells: 7/7 levels left

rFire   . . .        a - +0 shortbow
rCold   . . .        (shield currently unavailable)
rNeg    . . .        c - +0 robe
rPois   .            (helmet restricted)
rElec   .            k - +2 cloak
rCorr   .            (gloves unavailable)
SInv    +            (boots unavailable)
Will    +....        (no amulet)
Stlth   ++           (no ring)
HPRegen 0.27/turn    (no ring)
MPRegen 0.11/turn

%: no passive effects
@: very quick
A: very small, no large weapons, unfitting armour, see invisible, speed 3
a: no special abilities


You were on level 7 of the Dungeon.
You visited 2 branches of the dungeon, and saw 8 of its levels.

You collected 213 gold pieces.

Inventory:

Hand Weapons
 a - a +0 shortbow (weapon)
 f - a +0 dagger
Armour
 c - a +0 robe (worn)
 k - a +2 cloak (worn)
Jewellery
 t - a +6 ring of dexterity
 x - a ring of fire
Wands
 r - a wand of polymorph (15)
 v - a wand of roots (3)
Scrolls
 d - 4 scrolls of amnesia {unknown}
 e - 10 scrolls of identify {unknown}
 g - 2 scrolls of vulnerability {unknown}
 h - 6 scrolls of teleportation {unknown}
 i - 2 scrolls of silence {unknown}
 j - 2 scrolls of fog {unknown}
 l - 2 scrolls of fear {unknown}
 n - a scroll of poison {unknown}
 o - a scroll of noise {unknown}
Potions
 m - a potion of haste
 q - a potion of attraction
 s - 2 potions of mutation {unknown}
 u - a potion of lignification {unknown}
 w - a potion of degeneration {unknown}
 z - a potion of flight {unknown}
 A - a potion of berserk rage {unknown}


   Skills:
 + Level 4.3 Fighting
 * Level 8.1 Ranged Weapons
 + Level 6.9 Dodging
 - Level 1.5 Stealth


You had 7 spell levels left.
You didn't know any spells.
Your spell library contained the following spells:

 Spells                   Type           Power      Damage    Failure   Level
 Apportation              Tloc           0%         N/A       36%         1
 Kiss of Death            Conj/Necr      0%         2d5       36%         1
 Necrotise                Necr           0%         1d4       36%         1
 Summon Small Mammal      Summ           0%         N/A       36%         1
 Ensorcelled Hibernation  Hex/Ice        0%         N/A       50%         2
 Call Canine Familiar     Summ           0%         N/A       75%         3
 Confusing Touch          Hex            0%         N/A       75%         3
 Spider Form              Tmut/Pois      0%         N/A       75%         3
 Summon Guardian Golem    Hex/Summ       0%         N/A       75%         3
 Anguish                  Hex/Necr       0%         N/A       98%         4
 Dispel Undead            Necr           0%         3d6       98%         4


Dungeon Overview and Level Annotations

Branches:
Dungeon (7/15)             Temple (1/1) D:4

Altars:
Ashenzari
Cheibriados
Dithmenos
Elyvilon
Fedhas
Gozag
Nemelex Xobeh
Okawaru
Ru
Trog
Uskayaw
Vehumet
Xom
Zin
The Shining One

Shops:
D:1 (   D:4 :


Innate Abilities, Weirdness & Mutations

You are very small and have problems with some larger weapons.
You are too small for most types of armour.
You have supernaturally acute eyesight. (SInv)
You cover ground extremely quickly. (Speed+++)


Message History

Unknown command.
What are your orders? t - Shout!
Orders for allies: a - Attack new target. p - Attack previous target. r - Retreat! s - Stop attacking. g - Guard the area. f - Follow me.
Anything else - Cancel.
Retreat in which direction?
Press: ? - help, Dir - move target, f - you, p - hornet
Okay, then.
Okay, then.
Really read the scroll of immolation?
As you read the scroll of immolation, it crumbles to dust.
The creatures around you are filled with an inner flame!
The hornet closely misses you.
The hornet stings you but does no damage.
The hornet completely misses you.
Unknown command.
Unknown command.
Unknown command.
Unknown command.
Unknown command.
You feel yourself speed up. The hornet misses you.
You shoot an arrow. The arrow closely misses the hornet.
The hornet completely misses you.
You shoot an arrow. The arrow hits the hornet.
Flame seeps out of the hornet.
The hornet is heavily wounded.
The hornet is engulfed in blazing flames.
Flame seeps out of the hornet.
The hornet barely misses you.
The hornet is engulfed in blazing flames.
Flame seeps out of the hornet.
The hornet completely misses you.
You shoot an arrow. The arrow closely misses the hornet.
The hornet is engulfed in blazing flames.
Flame seeps out of the hornet.
The hornet completely misses you.
The hornet is engulfed in blazing flames.
The hornet explodes!
The fiery explosion engulfs you!!
Ouch! That really hurt!
You die...

#. ## #...#.# #.
#.#.#.# #.
#.#.#.# #.....#
#####..#..#
.....[...##
#####...##
#.......#######.#
#.####...§°@....#
##.#########
#............
#.#...#######
#.#.# #.#.# ....#
.. ... #.# .#.


There were no monsters in sight!

Vanquished Creatures
  A hornet (D:7)
  2 water moccasins
  A bullfrog (D:6)
  7 scorpions
  2 wights
  3 hounds
  2 orc priests (D:6)
  An iguana (D:5)
  An orc wizard (D:6)
  4 gnolls (D:6)
  8 adders
  A shadow imp (D:5)
  A white imp (D:6)
  An ufetubus (D:5)
  3 dart slugs
  8 orcs
  7 endoplasms
  2 giant cockroaches
  8 goblins
  5 hobgoblins
  2 jackals (D:2)
  A quokka (D:4)
  8 ball pythons
  4 bats
  3 frilled lizards
  8 kobolds
  8 rats
  2 butterflies (D:4)
104 creatures vanquished.

Notes
Turn   | Place    | Note
-------+----------+-------------------------------------------
     0 | D:1      | Groucho the Spriggan Hunter began the quest for the Orb.
     0 | D:1      | Reached XP level 1. HP: 10/10 MP: 2/2
   206 | D:1      | Found Rotrotof's Weapon Shoppe.
   245 | D:1      | Reached XP level 2. HP: 15/15 MP: 3/3
   826 | D:2      | Reached XP level 3. HP: 18/18 MP: 4/4
   893 | D:2      | Found a faded altar of an unknown god.
  1152 | D:2      | Reached XP level 4. HP: 23/23 MP: 5/5
  1327 | D:2      | Reached skill level 5 in Ranged Weapons
  1378 | D:3      | Found a hide-covered altar of Uskayaw.
  1383 | D:3      | You fall into a shaft and drop 1 floor!
  1400 | D:4      | Noticed a scorpion
  1416 | D:4      | Killed a scorpion
  1417 | D:4      | Reached XP level 5. HP: 12/27 MP: 6/6
  2235 | D:4      | Found Elulor's Book Shop.
  2270 | D:4      | Reached XP level 6. HP: 32/32 MP: 7/7
  2325 | D:4      | Found a staircase to the Ecumenical Temple.
  2333 | Temple   | Entered the Ecumenical Temple
  2639 | D:4      | Reached skill level 6 in Ranged Weapons
  2639 | D:4      | Reached skill level 5 in Dodging
  3419 | D:5      | Entered Level 5 of the Dungeon
  3476 | D:5      | Found a glowing golden altar of the Shining One.
  3476 | D:5      | Found a sparkling altar of Nemelex Xobeh.
  4222 | D:5      | Noticed a water moccasin
  4452 | D:5      | Found a bloodstained altar of Trog.
  4519 | D:5      | Killed a water moccasin
  4520 | D:5      | Reached XP level 7. HP: 8/36 MP: 8/8
  5583 | D:6      | Found a snail-covered altar of Cheibriados.
  5589 | D:6      | Found a broken altar of Ashenzari.
  5709 | D:6      | Reached skill level 7 in Ranged Weapons
  6077 | D:6      | Reached XP level 8. HP: 42/42 MP: 9/9
  6146 | D:7      | Reached skill level 8 in Ranged Weapons
  6599 | D:7      | Noticed a hornet
  6602 | D:7      | Paralysed by a hornet for 2 turns
  6612 | D:7      | Killed a hornet
  6612 | D:7      | Killed by an exploding hornet... ignited by their inner
                  | flame

Illustrated notes

Levels and vault maps discovered:
D:1:      sevenhm_arrival_forest_fort_large_4, layout_basic, serial_shops,
          nicolae_shop_bloodbath_and_beyond
D:2:      layout_rooms, hellmonk_ecumenical_altar_inner_sanctum,
          minmay_quadrilaterals
D:3:      layout_basic, eat_drink_and_be_merry_uskayaw, interstate_on_off
D:4:      layout_rooms, minmay_temple_entry_butterflies, serial_shops,
          nicolae_shop_crystal
D:5:      layout_loops_corners, nicolae_overflow_two_pavilions, bloody_trog
D:6:      layout_basic, kennysheep_little_box, mainiacjoe_overflow_brackets,
          demons_altar, minivault_14
D:7:      layout_loops_ring, mainiacjoe_overflow_catwalk
Temple:   jpeg_temple_island

Skill      XL: |  1  2  3  4  5  6  7  8 |
---------------+-------------------------+-----
Dodging        | 3 4 5 6 |  6.9
Fighting       | 2 3 4 |  4.3
Ranged Weapons | 5 6 7 8 |  8.1
Stealth        | |  1.5

Action                     |  1- 3 |  4- 6 |  7- 9 || total
---------------------------+-------+-------+-------++-------
   Fire: Shortbow          |    71 |   166 |   161 ||   398
    Use: Potion            |       |     2 |     3 ||     5
         Scroll            |       |       |     1 ||     1
 Armour: Robe              |     1 |     8 |     6 ||    15
  Dodge: Dodged            |     7 |    83 |   101 ||   191
